 Dungeon Crawl Stone Soup version 0.31-a0-246-g8cbcc1cb85 (webtiles) character file.

Game seed: 2979148243689343950

10381 Vomitron the Fighter (level 11, -2/101 HPs)
             Began as a Hill Orc Fighter on July 12, 2023.
             Was a Priest of Beogh.
             Slain by an orc knight
             ... wielding a +0 battleaxe
              (8 damage)
             ... on level 9 of the Dungeon.
             The game lasted 00:18:27 (10328 turns).

Vomitron the Fighter (Hill Orc Fighter)            Turns: 10328, Time: 00:18:27

Health: -2/101     AC: 19    Str: 24    XL:     11   Next: 61%
Magic:  8/18       EV:  7    Int:  8    God:    Beogh [***...]
Gold:   624        SH:  5    Dex: 10    Spells: 10/10 levels left

rFire   . . .        a - +0 flail (flame)
rCold   . . .        c - +0 buckler
rNeg    . . .        g - +0 plate armour
rPois   .            (no helmet)
rElec   .            D - +0 cloak
rCorr   .            y - +2 pair of gloves
SInv    +            (no boots)
Will    .....        d - amulet of regeneration Stlth
                     i - ring of see invisible
HPRegen 1.16/turn    (no ring)
MPRegen 0.16/turn

%: no passive effects
@: no status effects
A: no striking features
a: Renounce Religion, Smiting


You were on level 9 of the Dungeon.
You worshipped Beogh.
Beogh was most pleased with you.
You visited 2 branches of the dungeon, and saw 10 of its levels.
You also visited: Ossuary.

You collected 624 gold pieces.

Inventory:

Hand Weapons
 a - a +0 flail of flaming (weapon)
 w - a +0 war axe
 z - a +0 morningstar
 E - a +4 long sword
 K - a -2 demon whip of venom
Missiles
 k - 9 poisoned darts (quivered)
 n - 12 javelins
Armour
 c - a +0 buckler (worn)
 g - a +0 plate armour (worn)
 y - a +2 pair of gloves (worn)
 D - a +0 cloak (worn)
Jewellery
 d - an amulet of regeneration (around neck)
 i - a ring of see invisible (left hand)
Wands
 b - a wand of quicksilver (9)
 h - a wand of flame (25)
 j - a wand of digging (7)
 u - a wand of mindburst (6)
 F - a wand of roots (20)
 G - a wand of polymorph (11)
 L - a wand of charming (1)
Scrolls
 e - 2 scrolls of immolation
 o - 2 scrolls of teleportation
 q - a scroll of identify
 A - 3 scrolls of amnesia
 H - a scroll of revelation
 I - a scroll of blinking
Potions
 f - 3 potions of attraction {unknown}
 l - a potion of heal wounds
 m - 2 potions of curing
 p - 2 potions of haste
 r - a potion of ambrosia
 s - 2 potions of invisibility
 t - 3 potions of brilliance
 v - a potion of magic {unknown}
 B - 4 potions of lignification {unknown}
 C - 2 potions of enlightenment {unknown}
 J - a potion of mutation {unknown}
 M - a potion of might


   Skills:
 + Level 10.6 Fighting
 + Level 9.7 Maces & Flails
 + Level 9.7 Armour
 - Level 8.5 Shields
 + Level 10.4 Invocations


You had 10 spell levels left.
You didn't know any spells.
Your spell library contained the following spells:

 Spells                   Type           Power      Damage    Failure   Level
 Magic Dart               Conj           0%         1d3       99%         1
 Slow                     Hex            0%         N/A       99%         1
 Ensorcelled Hibernation  Hex/Ice        0%         N/A       100%        2
 Passwall                 Tmut/Erth      0%         N/A       100%        2
 Searing Ray              Conj           0%         2d4       100%        2
 Confusing Touch          Hex            0%         N/A       100%        3
 Swiftness                Air            0%         N/A       100%        3
 Vampiric Draining        Necr           0%         2d6       100%        3
 Anguish                  Hex/Necr       0%         N/A       100%        4
 Fulminant Prism          Conj/Hex       0%         3d5       100%        4


Dungeon Overview and Level Annotations

Branches:
Dungeon (9/15)             Temple (0/1) D:6             Orc (1/2) D:9
Ossuary (visited)
   Lair: D:8-11

Altars:
Ashenzari
Dithmenos
Fedhas
Kikubaaqudgha
Nemelex Xobeh
Trog
Uskayaw
The Shining One

Shops:
D:7 (


Message History

You swap places.
The orc warrior no longer looks unusually strong.
The warg bites you but does no damage.
Your orc wizard gestures at the orc knight while chanting.
The puff of flame hits the ogre!
The ogre dies!
Beogh accepts your kill.
Your orc knight hits the orc knight with a +0 dagger!
The orc knight hits you with a +0 battleaxe!
* * * LOW HITPOINT WARNING * * *
The orc knight hits your orc priest with a +0 battleaxe.
The orc knight hits your orc knight with a +0 battleaxe!
Unknown command.
Unknown command.
Unknown command.
You hit the orc knight. You burn the orc knight.
The orc knight is moderately wounded.
The warg bites you.
* * * LOW HITPOINT WARNING * * *
Your orc knight hits the warg with a +0 dagger!
Your orc priest miscasts a cantrip.
The warg bites you but does no damage.
The orc warrior hits your orc knight with a +0 short sword!
The orc knight hits you with a +0 battleaxe!
* * * LOW HITPOINT WARNING * * *
The orc knight barely misses your orc knight.
The orc knight hits your orc priest with a +0 battleaxe!
Your orc priest dies!
Your orc hits the orc warrior but does no damage.
Aiming: Smiting
Press: ? - help, Dir - move target, f/p - orc knight Smite: an orc knight, wielding a +0 battleaxe and wearing a +0 chain mail (moderately wounded, ally target)
You smite the orc knight!!
The orc knight is heavily wounded.
Your orc knight hits the orc warrior with a +0 dagger!
The warg bites you!
* * * LOW HITPOINT WARNING * * *
The orc knight hits you with a +0 battleaxe!
You die...
Beogh appreciates the orc knight's killing of a heretic priest.

#......# #........ #......#
#........
##########################
#.~...#...........[.......
#~....#...........[[o.....
###..........)[[...##[)[....
#o#.....รท....[o)......>.....
#!#.#...)...ho))..........!#
#o#.#.....[@oo)......)....[#
#!o.#......).o.........[....
############################


You could see an orc knight (ally target), a warg, an orc warrior (ally target),
a friendly orc knight, a friendly orc wizard (summoned, strong) and a friendly
orc (summoned, strong).

Vanquished Creatures
  2 two-headed ogres
  Erica (D:8)
  Amaemon (D:9)
  Maurice (D:9)
  An orange demon (D:9)
  2 wyverns (D:9)
  A vampire (D:9)
  7 yaks
  2 steam dragons (D:8)
  3 water moccasins
  A sky beast (D:7)
  3 black bears
  4 ice beasts
  5 orc warriors
  5 centaurs
  A phantom (D:3)
  2 elf zombies (Ossuary)
  5 bullfrogs
  2 scorpions (D:4)
  9 wights (D:8)
  5 killer bees (D:9)
  2 centaur zombies (Ossuary)
  2 hounds (D:5)
  5 orc priests
  2 jellies (D:8)
  2 iguanas (D:7)
  3 orc wizards
  2 mummies (Ossuary)
  3 gnolls
  6 adders
  4 ufetubi
  3 adder zombies (Ossuary)
  2 worms
  4 dart slugs
  25 orcs
  8 ball pythons
  4 bats
  2 endoplasms (D:3)
  A giant cockroach (D:4)
  4 goblins
  9 hobgoblins
  4 quokkas
  2 frilled lizards (D:1)
  7 hobgoblin zombies (Ossuary)
  A jackal zombie (Ossuary)
  5 kobolds
  14 kobold zombies (Ossuary)
  6 orc zombies (Ossuary)
  7 rats
  2 rat zombies (Ossuary)
204 creatures vanquished.

Vanquished Creatures (collateral kills)
  An orc warlord (D:9)
  A troll (D:9)
  2 yaks (D:9)
  A warg (D:9)
  A swamp drake (D:9)
  3 orc warriors (D:9)
  An ogre (D:9)
  A centaur (D:9)
  A howler monkey (D:9)
  An orc priest (D:9)
  5 orc wizards
  6 orcs
24 creatures vanquished.

Vanquished Creatures (others)
  Erolcha (D:9)
  An orc priest (D:9)
  2 orc wizards
  18 orcs
22 creatures vanquished.

Grand Total: 250 creatures vanquished

Notes
Turn   | Place    | Note
-------+----------+-------------------------------------------
     0 | D:1      | Vomitron the Hill Orc Fighter began the quest for the Orb.
     0 | D:1      | Reached XP level 1. HP: 19/19 MP: 1/1
   129 | D:1      | Reached XP level 2. HP: 24/27 MP: 2/2
   726 | D:1      | Reached XP level 3. HP: 29/33 MP: 3/3
  1080 | D:2      | Reached XP level 4. HP: 37/40 MP: 4/4
  1687 | D:3      | Became a worshipper of Beogh the Brigand
  1780 | D:3      | Found a faded altar of an unknown god.
  1793 | D:3      | Noticed a phantom
  1803 | D:3      | Killed a phantom
  1804 | D:3      | Reached skill level 1 in Invocations
  1804 | D:3      | Reached XP level 5. HP: 40/47 MP: 5/5
  1926 | D:3      | Found a shadowy altar of Dithmenos.
  2319 | D:4      | Found a bloodstained altar of Trog.
  2583 | D:4      | Reached XP level 6. HP: 42/55 MP: 7/7
  2670 | D:4      | Reached * piety under Beogh
  2742 | D:4      | Found an ancient bone altar of Kikubaaqudgha.
  2840 | D:4      | Reached skill level 5 in Fighting
  3000 | D:5      | Entered Level 5 of the Dungeon
  3299 | D:5      | Noticed a yak
  3299 | D:5      | Noticed a yak
  3317 | D:5      | Noticed a yak
  3317 | D:5      | Noticed a yak
  3348 | D:4      | Killed a yak
  3349 | D:4      | Reached XP level 7. HP: 49/61 MP: 9/9
  3387 | D:5      | Found a broken altar of Ashenzari.
  3394 | D:5      | Reached skill level 5 in Armour
  3394 | D:5      | Reached skill level 5 in Shields
  3681 | D:5      | Reached skill level 5 in Maces & Flails
  3932 | D:5      | Killed a yak
  3933 | D:5      | Reached XP level 8. HP: 64/70 MP: 9/11
  3940 | D:5      | Killed a yak
  4448 | D:6      | Found a staircase to the Ecumenical Temple.
  4555 | D:6      | Reached skill level 5 in Invocations
  5497 | D:7      | Found a sand-covered staircase.
  5518 | D:7      | Reached ** piety under Beogh
  5557 | Ossuary  | Entered an ossuary
  5749 | Ossuary  | Reached XP level 9. HP: 73/78 MP: 13/13
  5891 | D:7      | Found a blossoming altar of Fedhas.
  6116 | D:7      | Found Iwnochom's Weapon Shop.
  6795 | D:8      | Reached *** piety under Beogh
  7731 | D:8      | Noticed Erica
  7738 | D:8      | Killed Erica
  7739 | D:8      | Reached XP level 10. HP: 87/89 MP: 15/15
  8109 | D:8      | Found a sparkling altar of Nemelex Xobeh.
  8249 | D:8      | Noticed a two-headed ogre
  8261 | D:8      | Killed a two-headed ogre
  8811 | D:9      | Found a hide-covered altar of Uskayaw.
  9163 | D:9      | Noticed Maurice
  9192 | D:9      | Killed Maurice
  9236 | D:9      | Noticed a two-headed ogre
  9263 | D:9      | Killed a two-headed ogre
  9264 | D:9      | Reached XP level 11. HP: 84/99 MP: 16/18
  9343 | D:9      | Noticed Amaemon
  9347 | D:9      | Killed Amaemon
  9423 | D:9      | Found a glowing golden altar of the Shining One.
  9545 | D:9      | Reached skill level 10 in Fighting
  9976 | D:9      | Found a staircase to the Orcish Mines.
  9995 | D:9      | Noticed Erolcha
 10007 | D:9      | Killed Erolcha
 10008 | D:9      | Reached skill level 10 in Invocations
 10257 | Orc:1    | Entered Level 1 of the Orcish Mines
 10259 | Orc:1    | Noticed an orc knight
 10261 | Orc:1    | Noticed an orc warlord
 10314 | D:9      | Killed an orc warlord
 10328 | D:9      | Slain by an orc knight

Illustrated notes

Levels and vault maps discovered:
D:1:      dpeg_arrival_oval, layout_basic
D:2:      layout_basic
D:3:      layout_basic, grunt_dithmenos_smoke,
          hellmonk_ecumenical_altar_arch_garden, grunt_decor_one_mirror
D:4:      layout_rooms, bloody_trog, lemuel_doored_altar,
          nicolae_figureground_sparkle
D:5:      black_bear_nest_1, layout_cave_pods, overflow_temple_1_default
D:6:      layout_gridville, minmay_temple_entry_wispy
D:7:      layout_basic, lemuel_tele_altar,
          nicolae_ossuary_entry_false_entrances, serial_shops, shop
D:8:      layout_loops_ring, kennysheep_little_box, minmay_joined_circles,
          uniq_erica
D:9:      layout_irregular_city, nicolae_tso_swordbearing_angel,
          marbit_many_paths, erik_orc_1, minmay_misc_feat_pillars,
          nrook_campfire, minmay_splitting_lines, uniq_erolcha, uniq_amaemon,
          uniq_maurice
Orc:1:    layout_caves, nicolae_orc_sculptors_studio

Skill      XL: |  1  2  3  4  5  6  7  8  9 10 11 |
---------------+----------------------------------+-----
Fighting       | 4 5 6 8 9 10 | 10.6
Maces & Flails | 3 4 5 6 7 8 9 |  9.7
Armour         | 4 5 6 7 8 9 |  9.7
Shields        | 4 5 6 7 8 |  8.5
Invocations    | 1 2 3 4 5 7 9 10 | 10.4

Action                     |  1- 3 |  4- 6 |  7- 9 | 10-12 || total
---------------------------+-------+-------+-------+-------++-------
  Melee: Flail             |   108 |   161 |   386 |   259 ||   914
  Throw: Dart              |       |    10 |     2 |     2 ||    14
         Javelin           |       |       |     1 |       ||     1
 Invoke: Convert to Beogh  |       |     1 |       |       ||     1
         Smiting           |       |       |     2 |    10 ||    12
  Evoke: Wand              |       |       |     4 |     2 ||     6
    Use: Scroll            |       |    11 |     4 |     2 ||    17
         Potion            |       |       |     1 |     4 ||     5
   Stab: Distracted        |       |       |     1 |     2 ||     3
 Armour: Scale mail        |    44 |    71 |    19 |       ||   134
         Plate armour      |       |       |   198 |   195 ||   393
  Dodge: Dodged            |    52 |    84 |    95 |   120 ||   351
  Block: Buckler           |    24 |    36 |    87 |    81 ||   228

Table legend: (Time is in decaauts)
 A = Elapsed time spent in this place.
 B = Non-inter-level travel time spent in this place.
 C = Inter-level travel time spent in this place.
 D = Time resting spent in this place.
 E = Time spent auto-exploring this place.
 F = Levels seen in this place.
 G = Mean time per level.
                   A        B        C        D        E       F      G
               +--------+--------+--------+--------+--------+-----+--------+
         Total |  10447 |  10028 |    419 |   1617 |   6153 |  11 |  949.7 |
       Dungeon |  10134 |   9715 |    419 |   1617 |   6137 |   9 | 1126.0 |
  Orcish Mines |     13 |     13 |      0 |      0 |      0 |   1 |   13.0 |
       Ossuary |    300 |    300 |      0 |      0 |     16 |   1 |  300.0 |
               +--------+--------+--------+--------+--------+-----+--------+

Top non-repeatable levels by time:
     D:8: 1912 daAuts
     D:9: 1641 daAuts
     D:5: 1476 daAuts
     D:7: 1017 daAuts
     D:6: 953 daAuts
     D:4: 911 daAuts
     D:1: 872 daAuts
     D:3: 790 daAuts
     D:2: 560 daAuts
 Ossuary: 300 daAuts
   Orc:1: 13 daAuts
